 Dungeon Crawl Stone Soup version 0.26.1-11-gd32895ea62 (webtiles) character file.

Game seed: 6005617008531350083

69 Zeld the Twirler (level 4, 0/29 HPs)
             Began as an Octopode Gladiator on May 22, 2021.
             Slain by a jackal (2 damage)
             ... on level 2 of the Dungeon.
             The game lasted 00:01:09 (2027 turns).

Zeld the Twirler (Octopode Gladiator)               Turns: 2027, Time: 00:01:10

Health: 0/29       AC:  1    Str: 14    XL:     4   Next: 20%
Magic:  4/4        EV: 14    Int: 10    God:
Gold:   67         SH:  0    Dex: 13    Spells: 3/3 levels left

rFire    . . .     SeeInvis .   a - +0 quarterstaff
rCold    . . .     Faith    .   (shield currently unavailable)
rNeg     . . .     Spirit   .   b - +0 hat
rPois    .         Reflect  .   (no amulet)
rElec    .         Harm     .   (no ring)
rCorr    .         Rampage  .   (no ring)
Will     .....                  (no ring)
Stlth    ++........             (no ring)
HPRegen  0.09/turn              (no ring)
MPRegen  0.09/turn              (no ring)
                                (no ring)
                                (no ring)

@: no status effects
A: almost no armour, stealthy swim, amphibious, 8 rings, constrict 8, camouflage
1, gelatinous body 1
a: no special abilities


You were on level 2 of the Dungeon.
You visited 1 branch of the dungeon, and saw 3 of its levels.

You collected 67 gold pieces.

Inventory:

Hand Weapons
 a - a +0 quarterstaff (weapon)
Missiles
 c - 3 throwing nets (quivered)
 g - 3 boomerangs
Armour
 b - a +0 hat (worn)
Wands
 k - a wand of polymorph (7)
Scrolls
 e - 2 scrolls of teleportation {unknown}
 f - 3 scrolls of remove curse {unknown}
 h - 2 scrolls of enchant armour {unknown}
 i - a scroll of identify {unknown}
Potions
 d - 3 potions of lignification {unknown}
 j - a potion of brilliance {unknown}
 l - a potion of curing {unknown}


   Skills:
 - Level 2.0 Fighting
 * Level 4.9 Staves
 - Level 2.0 Throwing
 - Level 3.0 Dodging


You had 3 spell levels left.
You didn't know any spells.
Your spell library was empty.

Dungeon Overview and Level Annotations

Branches:
Dungeon (3/15)

Altars:


Innate Abilities, Weirdness & Mutations

You cannot wear most types of armour.
You are very stealthy in the water. (Stealth+)
You are amphibious.
You can wear up to eight rings at the same time.
You can use your tentacles to constrict eight enemies at once.
Your skin changes colour to match your surroundings (Stealth+).
Your rubbery body absorbs attacks. (AC +1, EV +1)


Message History

Unknown command.
You are too injured to fight recklessly!
You are too injured to fight recklessly!
You are too injured to fight recklessly!
You are too injured to fight recklessly!
The jackal barely misses you. The jackal bites you.
The jackal barely misses you. x2; The jackal bites you.
* * * LOW HITPOINT WARNING * * *
You hit the jackal. You grab the jackal.
The jackal is moderately wounded.
You constrict the jackal. The jackal bites you.
* * * LOW HITPOINT WARNING * * *
The jackal bites you.
* * * LOW HITPOINT WARNING * * *
You thump the jackal!
You kill the jackal!
You hit the jackal.
You kill the jackal!
The jackal bites you.
You die...

#........................###.....
#..........#..........)..........
#...........................##...
###########........#.........#...
#..................#...
##.....................
#.................#..#
##.>h###..............
#.#.@..#...<.....#.#.
##.####.......)...#...
#.................###.
#.#......>............
##.................##..
###........##.......###.#
##.<........###.....####..
###........................(
##......#.................#..


You could see a jackal.

Vanquished Creatures
  3 adders (D:2)
  An ooze (D:1)
  A leopard gecko (D:2)
  3 bats (D:2)
  2 giant cockroaches (D:2)
  3 hobgoblins
  6 jackals (D:2)
  A quokka (D:2)
  6 frilled lizards
  5 goblins
  4 kobolds (D:1)
  4 rats
39 creatures vanquished.

Notes
Turn   | Place    | Note
-------+----------+-------------------------------------------
     0 | D:1      | Zeld the Octopode Gladiator began the quest for the Orb.
     0 | D:1      | Reached XP level 1. HP: 14/14 MP: 1/1
   476 | D:1      | Reached XP level 2. HP: 19/19 MP: 2/2
  1176 | D:2      | Reached skill level 4 in Staves
  1176 | D:2      | Reached XP level 3. HP: 15/24 MP: 3/3
  1512 | D:2      | Reached XP level 4. HP: 27/29 MP: 4/4
  2027 | D:2      | Slain by a jackal

Illustrated notes

Levels and vault maps discovered:
D:1:      dpeg_arrival_circle_labyrinth_c, layout_basic
D:2:      layout_rooms
D:3:      layout_rooms, uniq_grinder

Skill      XL: |  1  2 |
---------------+-------+-----
Staves         | 4 |  4.9
Fighting       | |  2.0
Throwing       | |  2.0
Dodging        | |  3.0

Action                   |  1- 3 |  4- 6 || total
-------------------------+-------+-------++-------
Melee: Quarterstaff      |    48 |    18 ||    66
       Constrict         |     9 |     6 ||    15
       Tentacles         |     6 |       ||     6
 Stab: Sleeping          |    10 |       ||    10
Armor: Skin              |     3 |     1 ||     4
Dodge: Dodged            |    29 |    27 ||    56
